 Dungeon Crawl Stone Soup version 0.32-a0-702-gc29ba85809 (webtiles) character file.

Game seed: 6775463527308560779

207 IndexError the Digger (level 5, -1/45 HPs)
             Began as a Troll Earth Elementalist on Mar 14, 2024.
             Slain by an orc
             ... wielding a +0 morningstar
              (6 damage)
             ... on level 4 of the Dungeon.
             The game lasted 00:03:23 (3068 turns).

IndexError the Digger (Troll Earth Elementalist)    Turns: 3068, Time: 00:03:24

Health: -1/45      AC:  4    Str: 16    XL:     5   Next: 54%
Magic:  5/5        EV:  9    Int: 19    God:
Gold:   103        SH:  0    Dex: 16    Spells: 2/6 levels left

rFire   . . .        (no weapon)
rCold   . . .        (no shield)
rNeg    . . .        a - +0 robe
rPois   .            (helmet restricted)
rElec   .            (no cloak)
rCorr   .            (gloves unavailable)
SInv    .            (boots unavailable)
Will    .....        (no amulet)
Stlth   ++           f - +6 ring of dexterity
HPRegen 1.07/turn    y - +6 ring of intelligence
MPRegen 0.09/turn

%: no passive effects
@: no status effects
A: large, unfitting armour, claws 3, regeneration 1, shaggy fur 1, tough skin 1
a: Convert to Beogh


You were on level 4 of the Dungeon.
You visited 1 branch of the dungeon, and saw 4 of its levels.

You collected 103 gold pieces.

Inventory:

Hand Weapons
 e - a +0 hand axe
   (You took it off an orc on level 3 of the Dungeon)
 g - a +0 falchion
   (You found it on level 3 of the Dungeon)
 i - a +0 dagger
   (You took it off a kobold on level 3 of the Dungeon)
 l - a +0 hand axe
   (You found it on level 3 of the Dungeon)
 m - a +0 dagger
   (You took it off a goblin on level 3 of the Dungeon)
 s - a +0 spear
   (You found it on level 3 of the Dungeon)
 u - a +0 club
   (You took it off a kobold on level 3 of the Dungeon)
 v - a +0 short sword
   (You took it off a kobold on level 3 of the Dungeon)
 z - a +0 club
   (You took it off an orc on level 3 of the Dungeon)
 A - a +0 trident
   (You found it on level 4 of the Dungeon)
 B - a +0 spear
   (You found it on level 4 of the Dungeon)
Armour
 a - a +0 robe (worn)
Magical Staves
 h - a staff of earth
   (You found it on level 3 of the Dungeon)
Jewellery
 f - a +6 ring of dexterity (left claw)
   (You found it on level 1 of the Dungeon)
 n - a ring of resist corrosion
   (You found it on level 1 of the Dungeon)
 x - a ring of see invisible {sInv, !d}
   (You found it on level 3 of the Dungeon)
 y - a +6 ring of intelligence (right claw)
   (You found it on level 2 of the Dungeon)
Wands
 o - a wand of flame (6)
   (You found it on level 3 of the Dungeon)
Scrolls
 d - 4 scrolls of identify {unknown}
 j - 2 scrolls of fog {unknown}
 k - a scroll of enchant weapon {unknown}
 p - a scroll of enchant armour {unknown}
 r - 2 scrolls of teleportation {unknown}
Potions
 b - a potion of magic
 c - 2 potions of might {unknown}
 q - 3 potions of curing {unknown}
 t - a potion of mutation {unknown}
 w - 2 potions of attraction {unknown}


   Skills:
 - Level 1.5 Dodging
 - Level 1.0 Stealth
 - Level 1.2 Spellcasting
 - Level 0.6 Conjurations
 + Level 5.8 Earth Magic


You had 2 spell levels left.
You knew the following spells:

 Your Spells              Type           Power      Damage    Failure   Level
a - Sandblast             Erth           46%        2d11      1%          1
w - Passwall              Erth           23%        N/A       4%          3

Your spell library contained the following spells:

 Spells                   Type           Power      Damage    Failure   Level
 Stone Arrow              Conj/Erth      26%        3d8       14%         3
 Hailstorm                Conj/Ice       2%         3d5       43%         3
 Brom's Barrelling Bould  Conj/Erth      13%        2d4       43%         4
 Inner Flame              Hex/Fire       1%         N/A       50%         3
 Summon Ice Beast         Ice/Summ       1%         N/A       50%         3
 Petrify                  Alch/Erth      12%        N/A       50%         4
 Flame Wave               Conj/Fire      2%         2d4       85%         4
 Sticky Flame             Fire/Alch      1%         2d4       88%         4
 Permafrost Eruption      Ice/Erth       6%         2x4d3     100%        6
 Sculpt Simulacrum        Ice/Alch       0%         N/A       100%        6


Dungeon Overview and Level Annotations

Branches:
Dungeon (4/15)
 Temple: D:4-7

Altars:
Qazlal


Innate Abilities, Weirdness & Mutations

You are too large for most types of armour.
You have claws for hands.
Your natural rate of healing is unusually fast.
You are covered in fur. (AC +1)
You have tough skin. (AC +1)


Message History

B - a +0 spear You open the door.
You see here 6 poisoned darts.
Found a stone staircase leading down.
Health restored: 45 You open the door.
You open the door.
There is an open door here.
A sleepcap comes into view.
There is an open door here.
A sleepcap is nearby!
The blast of sand hits the sleepcap!
You now have 4/5 mp.
The blast of sand hits the sleepcap.
You now have 3/5 mp.
You scratch the sleepcap. The sleepcap releases spores at you.
You are engulfed in a cloud of soporific spores!
You fall asleep.
The sleepcap releases spores at you.
You wake up.
You are engulfed in a cloud of soporific spores!
You are unaffected.
You take 7 damage, and have 38/45 hp.
You claw the sleepcap! The sleepcap releases spores at you!
You are engulfed in a cloud of soporific spores!
You are unaffected.
You take 7 damage, and have 31/45 hp.
You scratch the sleepcap but do no damage.
The sleepcap releases spores at you but does no damage.
You claw the sleepcap!
No target in view!
No target in view!
Magic restored.
You see here a bombardier beetle corpse.
d - 4 scrolls labelled XEODAZX ARABB (gained 1)
An orc comes into view. It is wielding a +0 dagger.
The orc shouts!
An orc comes into view. It is wielding a +0 short sword.
Health restored: 45; MP restored: 5
There are monsters nearby!
There are monsters nearby!
The orc shouts!
An orc wizard comes into view. It is wielding a +0 dagger.
An orc comes into view. It is wielding a +0 club.
An orc comes into view. It is wielding a +0 morningstar.
The orc wizard gestures at you while chanting.
The magic dart hits you.
You take 5 damage, and have 40/45 hp.
The orc shouts! x2
You scratch the orc.
You hear a shout!
The orc hits you with a +0 dagger.
An orc priest comes into view. It is wielding a +0 dagger.
You take 3 damage, and have 37/45 hp.
You barely miss the orc. The orc hits you but does no damage.
You scratch the orc. The orc barely misses you.
You scratch the orc. The orc hits you but does no damage.
You claw the orc!
The orc wizard hits you but does no damage.
The orc priest calls down the wrath of Beogh upon you.
Beogh smites you!
The orc priest shouts, "The Pantheon deserves no one's loyalty.
Let us show you the true path!" (press Y on the ability menu to convert to Beogh)
You take 10 damage, and have 30/45 hp.
MASSIVE DAMAGE!!
You barely miss the orc wizard. The orc wizard casts a spell at you.
The puff of flame hits you. The orc hits you with a +0 morningstar.
You take 9 damage, and have 21/45 hp.
You are too injured to fight recklessly!
You are too injured to fight recklessly!
You are too injured to fight recklessly!
You are too injured to fight recklessly!
You are too injured to fight recklessly!
You are too injured to fight recklessly!
You are too injured to fight recklessly!
You are too injured to fight recklessly!
You are too injured to fight recklessly!
You are too injured to fight recklessly!
You are too injured to fight recklessly!
You scratch the orc wizard.
The orc wizard gestures at you while chanting.
The puff of flame hits you. The orc closely misses you.
The orc hits you with a +0 club.
You take 5 damage, and have 16/45 hp.
The orc priest shouts, "Surrender to Beogh and we'll let you live!"
You scratch the orc wizard. The orc wizard barely misses you.
The orc barely misses you. The orc closely misses you.
You closely miss the orc wizard.
The orc wizard hits you with a +0 dagger.
The orc priest hits you with a +0 dagger.
* * * LOW HITPOINT WARNING * * *
The orc hits you with a +0 morningstar.
* * * LOW HITPOINT WARNING * * *
The orc hits you with a +0 club.
* * * LOW HITPOINT WARNING * * *
You take 10 damage, and have 7/45 hp.
MASSIVE DAMAGE!!
You scratch the orc wizard. The orc wizard barely misses you.
The orc priest hits you with a +0 dagger.
* * * LOW HITPOINT WARNING * * *
The orc hits you with a +0 morningstar.
You die...

...#..#.#.#.....#####
#.#..#.#.#.###......
#......<...# #......
##...#.#######......
##............#####
#.....#####..# #
###.###.# ##....
..).#.oo.##.# ##....#
..?...o@....## #...#
......o#.##..# ...#
.........###.# #..#
....####.# #+# #..
#### #.# #.# #.# #..


You could see an orc priest, an orc wizard and 2 orcs.

Vanquished Creatures
  A bullfrog (D:4)
  A bombardier beetle (D:4)
  A sleepcap (D:4)
  4 adders
  5 orcs
  6 ball pythons
  2 bats
  3 endoplasms
  A giant cockroach (D:3)
  9 goblins
  2 quokkas
  3 frilled lizards
  6 kobolds
  8 rats
52 creatures vanquished.

Notes
Turn   | Place    | Note
-------+----------+-------------------------------------------
     0 | D:1      | IndexError the Troll Earth Elementalist began the quest for
                  | the Orb.
     0 | D:1      | Reached XP level 1. HP: 16/16 MP: 1/1
   129 | D:1      | Reached skill level 3 in Earth Magic
   173 | D:1      | Reached XP level 2. HP: 24/24 MP: 2/2
  1330 | D:2      | Reached XP level 3. HP: 30/31 MP: 3/3
  1666 | D:2      | Learned a level 3 spell: Passwall
  1733 | D:3      | Reached skill level 4 in Earth Magic
  1866 | D:3      | Found a stormy altar of Qazlal.
  2132 | D:3      | Reached XP level 4. HP: 24/39 MP: 4/4
  2811 | D:4      | Noticed a bullfrog
  2822 | D:4      | Killed a bullfrog
  2823 | D:4      | Reached skill level 5 in Earth Magic
  2826 | D:4      | Reached XP level 5. HP: 33/45 MP: 1/5
  3067 | D:4      | HP: 10/45 [orc/+0 morningstar (3)]
  3068 | D:4      | Slain by an orc

Illustrated notes

Levels and vault maps discovered:
D:1:      minmay_arrival_four_houses, layout_basic, minmay_misc_feat_rows
D:2:      layout_loops_corners
D:3:      layout_basic, nicolae_qazlal_eye_of_the_storm,
          amcnicky_mini_rare_corridor_liquid
D:4:      layout_basic, mainiacjoe_overflow_six_doors_small, serial_shops,
          nicolae_shop_stone

Skill      XL: |  1  2  3  4 |
---------------+-------------+-----
Earth Magic    | 3 4 5 |  5.8
Dodging        | |  1.5
Stealth        | |  1.0
Spellcasting   | |  1.2
Conjurations   | |  0.6

Action                     |  1- 3 |  4- 6 || total
---------------------------+-------+-------++-------
  Melee: Unarmed           |    89 |    43 ||   132
         Punch             |     2 |       ||     2
   Cast: Sandblast         |       |     5 ||     5
   Stab: Sleeping          |     4 |     1 ||     5
 Armour: Robe              |    57 |    35 ||    92
  Dodge: Dodged            |    35 |    22 ||    57

Table legend: (Time is in decaauts)
 A = Elapsed time spent in this place.
 B = Non-inter-level travel time spent in this place.
 C = Inter-level travel time spent in this place.
 D = Time resting spent in this place.
 E = Time spent auto-exploring this place.
 F = Levels seen in this place.
 G = Mean time per level.
                   A        B        C        D        E       F      G
               +--------+--------+--------+--------+--------+-----+--------+
         Total |   3070 |   2671 |    399 |      0 |   2291 |   4 |  767.5 |
       Dungeon |   3070 |   2671 |    399 |      0 |   2291 |   4 |  767.5 |
               +--------+--------+--------+--------+--------+-----+--------+

Top non-repeatable levels by time:
     D:3: 1001 daAuts
     D:2: 993 daAuts
     D:1: 845 daAuts
     D:4: 230 daAuts

Levels and vault maps discovered:
D:1:      minmay_arrival_four_houses, layout_basic, minmay_misc_feat_rows
D:2:      layout_loops_corners
D:3:      layout_basic, nicolae_qazlal_eye_of_the_storm,
          amcnicky_mini_rare_corridor_liquid
D:4:      layout_basic, mainiacjoe_overflow_six_doors_small, serial_shops,
          nicolae_shop_stone

Table legend: (Time is in decaauts)
 A = Elapsed time spent in this place.
 B = Non-inter-level travel time spent in this place.
 C = Inter-level travel time spent in this place.
 D = Time resting spent in this place.
 E = Time spent auto-exploring this place.
 F = Levels seen in this place.
 G = Mean time per level.
                   A        B        C        D        E       F      G
               +--------+--------+--------+--------+--------+-----+--------+
         Total |   3070 |   2671 |    399 |      0 |   2291 |   4 |  767.5 |
       Dungeon |   3070 |   2671 |    399 |      0 |   2291 |   4 |  767.5 |
               +--------+--------+--------+--------+--------+-----+--------+

Top non-repeatable levels by time:
     D:3: 1001 daAuts
     D:2: 993 daAuts
     D:1: 845 daAuts
     D:4: 230 daAuts

Table legend:
 A = Kills in this place as a percentage of kills in the entire game.
 B = Kills by you in this place as a percentage of kills by you in the entire game.
 C = Kills by friends in this place as a percentage of kills by friends in the entire game.
 D = Other kills in this place as a percentage of other kills in the entire game.
 E = Experience gained in this place as a percentage of experience gained in the entire game.
 F = Experience gained in this place divided by the number of levels of this place that you have seen.
                   A       B       C       D       E      F
               +-------+-------+-------+-------+-------+----------------------
         Total | 100.0 | 100.0 |   N/A |   N/A | 100.0 |  74.2
       Dungeon | 100.0 | 100.0 |   N/A |   N/A | 100.0 |  74.2
               +-------+-------+-------+-------+-------+----------------------
